 Dungeon Crawl Stone Soup version 0.22.0-49-gab54619674 (webtiles) character file.

330881 Peloso the Hoplite (level 20, -2/189 HPs)
             Began as a Minotaur Fighter on Sept 9, 2018.
             Was the Champion of Okawaru.
             Killed from afar by a deep elf annihilator (41 damage)
             ... with an iron shot
             ... on level 3 of the Elven Halls.
             The game lasted 02:34:08 (48002 turns).

Peloso the Hoplite (Minotaur Fighter)              Turns: 48002, Time: 02:34:09

Health: -2/189     AC: 28    Str: 34    XL:     20   Next: 86%
Magic:  20/20      EV: 14    Int:  2    God:    Okawaru [******]
Gold:   3307       SH: 30    Dex: 25    Spells: 20/20 levels left

rFire    + . .     SeeInvis +   h - +5 scimitar "Grim" {freeze, *Drain rC++ Str+4}
rCold    + + +     Gourm    .   j - +1 large shield {AC+3}
rNeg     . . .     Faith    +   P - +3 plate armour {rF+}
rPois    +         Spirit   .   s - +0 mask of the Dragon {MR+ Slay+3 SInv}
rElec    .         Reflect  .   u - +0 cloak
rCorr    +         Harm     .   M - +1 pair of gloves {Dex+3}
MR       ++...                  (no boots)
Stlth    ..........             b - amulet of faith
HPRegen  0.41/turn              z - ring "Eceryumoo" {rCorr rPois rC+ Int-3 Dex+8}
MPRegen  0.17/turn              Y - ring "Puban" {rPois Str+4}

@: no status effects
A: retaliatory headbutt, horns 2
}: 2/15 runes: serpentine, barnacled
a: Heroism, Finesse, Renounce Religion


You were on level 3 of the Elven Halls.
You worshipped Okawaru.
Okawaru was exalted by your worship.
You were not hungry.

You visited 7 branches of the dungeon, and saw 35 of its levels.
You visited the Abyss 1 time.
You also visited: Trove, Ice Cave and Volcano.

You collected 4385 gold pieces.
You spent 1078 gold pieces at shops.

Inventory:

Hand Weapons
 a - a +1 demon blade of venom
 h - the +5 scimitar "Grim" (weapon) {freeze, *Drain rC++ Str+4}
   (You bought it in a shop on level 4 of the Dungeon)

   It has been specially enchanted to freeze those struck by it, causing extra
   injury to most foes and up to half again as much damage against particularly
   susceptible opponents.
   It can also slow down cold-blooded creatures.
   It affects your strength (+4).
   It greatly protects you from cold.
   It causes draining when unequipped.
 m - a +3 falchion of electrocution
 o - a +3 scimitar of flaming
Armour
 j - a +1 large shield of protection (worn)
 s - the +0 mask of the Dragon (worn) {MR+ Slay+3 SInv}
   (You found it in a treasure trove)

   It affects your accuracy and damage with ranged weapons and melee attacks
   (+3).
   It affects your resistance to hostile enchantments.
   It lets you see invisible.
 u - a +0 cloak (worn)
 M - a +1 pair of gloves of dexterity (worn)
 P - a +3 plate armour of fire resistance (worn)
Jewellery
 b - an amulet of faith (around neck)
 z - the ring "Eceryumoo" (left hand) {rCorr rPois rC+ Int-3 Dex+8}
   (You found it on level 8 of the Dungeon)

   [ring of resist corrosion]

   It affects your intelligence (-3).
   It affects your dexterity (+8).
   It protects you from cold.
   It protects you from poison.
 A - the amulet "Xoezxej" {rPois Regen+ Dex+6 Slay-4, unknown}
   (You took it off a deep elf sorcerer on level 3 of the Elven Halls)

   [amulet of regeneration]

   It affects your dexterity (+6).
   It affects your accuracy and damage with ranged weapons and melee attacks
   (-4).
   It protects you from poison.
   It increases your rate of regeneration.
 E - the amulet of Lixoywny {Reflect *Drain Str+2 Int+3 SH+3}
   (You found it in a treasure trove)

   [amulet of reflection]

   It shields you and reflects attacks.
   It affects your strength (+2).
   It affects your intelligence (+3).
   It causes draining when unequipped.
   It affects your SH (+3).
 W - an uncursed ring of protection from fire
 Y - the ring "Puban" (right hand) {rPois Str+4}
   (You found it on level 2 of the Shoals)

   [ring of poison resistance]

   It affects your strength (+4).
   It protects you from poison.
Wands
 c - a wand of random effects (16)
 w - a wand of polymorph (23)
 C - a wand of digging (5)
 G - a wand of acid (6)
Scrolls
 g - 24 scrolls of remove curse
 i - 2 scrolls of identify
 l - 9 scrolls of blinking
 q - 7 scrolls of teleportation
 r - a scroll of noise
 t - a scroll of summoning
 v - 7 scrolls of magic mapping
 x - a scroll of enchant weapon
 y - a scroll of enchant armour
 F - 4 scrolls of fear
Potions
 d - 5 potions of flight
 e - 5 potions of resistance
 n - 2 potions of magic
 p - 2 potions of heal wounds
 B - 4 potions of berserk rage
 D - 6 potions of haste
 H - 7 potions of curing
 L - 7 potions of agility
 N - 3 potions of might
 Q - 3 potions of mutation
Comestibles
 f - 45 rations


   Skills:
 + Level 18.6 Fighting
   Level 1.3(12.7) Short Blades
 + Level 20.1 Long Blades
 + Level 1.2 Throwing
 + Level 17.4 Armour
 + Level 5.9 Dodging
 + Level 3.3 Stealth
 + Level 25.5 Shields
 + Level 1.3 Unarmed Combat
 + Level 0.7 Spellcasting
 + Level 2.4 Invocations
 + Level 2.4 Evocations


You had 20 spell levels left.
You didn't know any spells.
Your spell library contained the following spells:

 Spells                   Type           Power        Failure   Level  Hunger
 Beastly Appendage        Tmut           #.....       94%         1    ##.....
 Corona                   Hex            #......      94%         1    ##.....
 Infusion                 Chrm           #...         94%         1    ##.....
 Magic Dart               Conj           #...         94%         1    ##.....
 Corpse Rot               Necr           N/A          98%         2    ###....
 Searing Ray              Conj           #.....       98%         2    ###....
 Shroud of Golubria       Chrm/Tloc      #.........   98%         2    ###....
 Slow                     Hex            #.......     98%         2    ###....
 Song of Slaying          Chrm           #.......     98%         2    ###....
 Sticks to Snakes         Tmut           #.......     98%         2    ###....
 Sublimation of Blood     Necr           #.........   98%         2    ###....
 Dazzling Spray           Conj/Hex       #.....       100%        3    ####...
 Inner Flame              Hex/Fire       #.......     100%        3    ####...
 Portal Projectile        Hex/Tloc       #.....       100%        3    ####...
 Regeneration             Chrm/Necr      #.........   100%        3    ####...
 Spectral Weapon          Hex/Chrm       #.......     100%        3    ####...
 Spider Form              Tmut/Pois      #.........   100%        3    ####...
 Cause Fear               Hex            #.........   100%        4    #####..
 Force Lance              Conj/Tloc      #.......     100%        4    #####..
 Fulminant Prism          Conj/Hex       #.........   100%        4    #####..
 Ice Form                 Ice/Tmut       #.......     100%        4    #####..
 Iskenderun's Mystic Bla  Conj           #.......     100%        4    #####..
 Leda's Liquefaction      Hex/Erth       #.........   100%        4    #####..
 Agony                    Necr           #.......     100%        5    ######.
 Blade Hands              Tmut           #.........   100%        5    ######.
 Bolt of Draining         Conj/Necr      #.........   100%        5    ######.
 Dispel Undead            Necr           #.......     100%        5    ######.
 Excruciating Wounds      Chrm/Necr      #.........   100%        5    ######.
 Irradiate                Conj/Tmut      #.........   100%        5    ######.
 Metabolic Englaciation   Hex/Ice        #.........   100%        5    ######.
 Silence                  Hex/Air        #.........   100%        5    ######.
 Yara's Violent Unravell  Hex/Tmut       #.........   100%        5    ######.
 Bolt of Cold             Conj/Ice       #.........   100%        6    #######
 Deflect Missiles         Chrm/Air       #.........   100%        6    #######
 Freezing Cloud           Conj/Ice/Air   #.........   100%        6    #######
 Hydra Form               Tmut           #.........   100%        6    #######
 Ozocubu's Refrigeration  Ice            #.........   100%        6    #######
 Poison Arrow             Conj/Pois      #.........   100%        6    #######
 Simulacrum               Ice/Necr       #.........   100%        6    #######
 Statue Form              Tmut/Erth      #........    100%        6    #######
 Dragon Form              Tmut           #.........   100%        7    #######
 Chain Lightning          Conj/Air       #.........   100%        8    #######
 Discord                  Hex            #.........   100%        8    #######
 Lehudib's Crystal Spear  Conj/Erth      #.........   100%        8    #######
 Fire Storm               Conj/Fire      #.........   100%        9    #######
 Glaciate                 Conj/Ice       #.........   100%        9    #######


Dungeon Overview and Level Annotations

Branches:
Dungeon (15/15)            Temple (1/1) D:6            Lair (6/6) D:10
 Shoals (4/4) Lair:2        Snake (4/4) Lair:4        Slime (0/5) Lair:5
    Orc (2/2) D:9             Elf (3/3) Orc:2        Vaults (0/5) D:13
 Depths (0/5) D:15

Altars:
Cheibriados
Dithmenos
Fedhas
Hepliaklqana
Kikubaaqudgha
Makhleb
Nemelex Xobeh
Okawaru
Qazlal
Trog
Vehumet
Wu Jian
Xom
Beogh

Shops:
D:4 (   D:6 [   D:9 *   D:15 (   Orc:1 %   Orc:2 ?[?:   Shoals:3 (   Shoals:4 }


Innate Abilities, Weirdness & Mutations

You reflexively headbutt those who attack you in melee.
You have a pair of horns on your head.


Message History

The iron shot hits you!
You slice the deep elf annihilator!! You freeze the deep elf annihilator.
The deep elf annihilator is heavily wounded.
The deep elf annihilator points at you and mumbles some strange words.
You block the crystal spear.
You slice the deep elf annihilator!! You freeze the deep elf annihilator.
Your headbutt misses the deep elf annihilator.
The deep elf annihilator is severely wounded.
You slash the deep elf annihilator! You freeze the deep elf annihilator.
The deep elf annihilator is almost dead.
The deep elf annihilator gestures wildly while chanting.
The deep elf annihilator blinks!
The deep elf annihilator casts a spell at you.
The bolt of lightning hits you!
The deep elf annihilator gestures at you while chanting.
The bolt of lightning hits you!
* * * LOW HITPOINT WARNING * * *
The deep elf annihilator gestures at you while chanting.
The iron shot hits you!
You die...

#####################
#....................
#....................
#...@................
#...##########'######
#...#................
#e..#................
#...#.......<........
#...#...##########'##
#...#...#............
#...'...'............
#...#...#............


You could see a deep elf annihilator.

Vanquished Creatures
  Vashnia (Snake:3)
  The ghost of martbhell the Severer, an adept MiBe of Trog (Shoals:4)
  A deep elf master archer (Elf:3)
  Gastronok (D:12)
  Agnes (Snake:3)
  Frances (Shoals:1)
  The ghost of Narus the Markscentaur, an adept CeHu of Okawaru (Shoals:2)
  Kirke (Shoals:2)
  Ilsuiw (Shoals:3)
  A fire giant (D:15)
  9 nagarajas
  A frost giant (IceCv)
  10 deep elf sorcerers
  A deep elf elementalist (Elf:3)
  The ghost of brittlin the Severer, a journeyman HOFi of Makhleb (Lair:6)
  4 deep elf demonologists
  A deep elf annihilator (Elf:3)
  Azrael (Elf:1)
  4 merfolk javelineers (Shoals:4)
  Snorg (D:14)
  14 merfolk impalers
  A spectral kraken (Shoals:2)
  An ettin (Orc:2)
  2 ogre magi
  Josephine (D:14)
  8 deep elf high priests
  6 hydras
  16 naga warriors
  Erolcha (Orc:2)
  2 catoblepae
  3 anacondas
  4 centaur warriors
  4 merfolk avatars
  6 alligator snapping turtles
  4 merfolk aquamancers
  3 two-headed ogres
  24 dancing weapons
  A tengu warrior (D:13)
  5 satyrs
  2 death yaks
  A queen ant (D:10)
  5 spriggan berserkers (Elf:1)
  27 naga sharpshooters
  Nergalle (Orc:2)
  6 shock serpents
  14 deep elf knights
  2 large abominations
  3 skeletal warriors (D:15)
  A hell knight (Volcano)
  4 salamander mystics
  A wizard (D:13)
  A sea snake (shapeshifter) (Elf:1)
  12 sea snakes
  A kraken simulacrum (Shoals:2)
  14 deep elf archers
  13 naga ritualists
  50 deep elf magi
  7 orc sorcerers (Orc:2)
  11 mana vipers
  A lindwurm (shapeshifter) (D:14)
  A necromancer (D:13)
  2 orc knights
  8 harpies
  5 oklob plants (Lair:5)
  14 ugly things
  24 fauns
  2 cyclopes
  12 elephants
  16 manticores
  21 salamanders
  Maurice (D:13)
  13 merfolk sirens
  35 black mambas
  2 centaur zombies
  7 water nymphs
  3 guardian serpents
  A gargoyle (D:15)
  An ice statue (IceCv)
  28 naga magi
  11 spiny frogs
  2 small abominations
  3 rime drakes
  A kobold demonologist (D:11)
  A yaktaur (D:13)
  A freezing wraith (D:15)
  A silent spectre (Abyss:2)
  5 komodo dragons
  25 merfolk
  11 trolls
  24 polar bears
  6 wind drakes
  6 hornets (Lair:6)
  Grinder (D:5)
  10 dream sheep
  13 slime creatures
  3 raiju (Abyss:2)
  14 blink frogs
  10 hippogriffs
  A hippogriff (shapeshifter) (D:12)
  13 snapping turtles
  13 spriggans
  3 air elementals
  10 wraiths
  A shadow (D:12)
  6 starcursed masses (Abyss:2)
  93 yaks
  Sigmund (D:4)
  A vampire (D:12)
  5 basilisks
  3 fire bats (Lair:6)
  3 fire elementals
  3 hogs (Shoals:2)
  12 water elementals
  4 wyverns
  A fire bat (shapeshifter) (D:13)
  A steam dragon (Shoals:4)
  A hungry ghost (D:7)
  8 vampire mosquitoes
  The ghost of Vvilia the Magician, an amateur GnWz of Fedhas (D:3)
  2 wargs
  47 nagas
  An acid dragon (D:11)
  3 hell hounds (Elf:1)
  10 soldier ants
  6 porcupines
  15 water moccasins
  5 ice beasts
  3 sky beasts
  2 eyes of draining
  21 orc warriors
  8 phantoms
  6 black bears
  3 boggarts (Lair:6)
  A necrophage (D:9)
  11 ogres
  The ghost of Vvilia the Magician, an amateur GnWz (D:3)
  18 centaurs
  35 wolves
  16 crocodiles
  3 big kobolds
  13 bullfrogs
  A gnoll sergeant (D:4)
  A wyvern zombie (D:12)
  2 earth elementals
  3 wyvern skeletons
  2 scorpions
  20 killer bees
  10 wights
  6 howler monkeys
  7 electric eels
  2 bullfrog zombies
  8 crimson imps
  5 hounds
  A quasit (D:10)
  13 orc priests
  4 jellies
  Crazy Yiuf (D:5)
  A bullfrog skeleton (D:6)
  38 orc wizards
  2 centaur skeletons
  Terence (D:3)
  An iguana (D:8)
  33 worker ants
  2 hound zombies (D:7)
  A hound skeleton (D:7)
  Robin (D:4)
  8 worker ant zombies
  7 gnolls
  3 howler monkey skeletons (D:4)
  17 adders
  2 shadow imps
  12 white imps (Lair:5)
  2 oozes (D:3)
  An adder skeleton (D:10)
  6 worms
  3 dart slugs
  6 leopard geckos
  88 orcs
  5 giant cockroaches
  17 goblins
  9 hobgoblins
  5 jackals
  5 quokkas
  14 bats
  8 frilled lizards
  A giant cockroach zombie (D:5)
  A jackal skeleton (D:4)
  23 kobolds
  A quokka skeleton (D:6)
  A quokka zombie (D:5)
  10 rats
  3 crawling corpses
  2 fungi (Lair:6)
  8 plants
  2 tentacles (Shoals:2)
1520 creatures vanquished.

Vanquished Creatures (others)
  A dancing weapon (Elf:1)
  A deep elf archer (Elf:1)
  A deep elf mage (Elf:1)
  A cyclops (Orc:2)
  4 yaktaurs
  A yak (IceCv)
  4 humans
  A wolf (IceCv)
  3 orcs
  2 fungi (Lair:6)
  14 plants
  6 tentacles (Shoals:2)
39 creatures vanquished.

Grand Total: 1559 creatures vanquished

Notes
Turn   | Place    | Note
-------+----------+-------------------------------------------
     0 | D:1      | Peloso the Minotaur Fighter began the quest for the Orb.
     0 | D:1      | Reached XP level 1. HP: 19/19 MP: 0/0
    74 | D:1      | Reached XP level 2. HP: 25/27 MP: 1/1
    95 | D:1      | Reached skill level 4 in Shields
   662 | D:2      | Reached XP level 3. HP: 33/33 MP: 2/2
   763 | D:2      | Reached XP level 4. HP: 39/40 MP: 3/3
   903 | D:2      | Found a faded altar of an unknown god.
  1134 | D:3      | Reached skill level 5 in Shields
  1330 | D:3      | Noticed a centaur
  1338 | D:3      | Killed a centaur
  1338 | D:3      | Reached XP level 5. HP: 33/46 MP: 1/4
  1954 | D:3      | Found a runed gate.
  1955 | D:3      | Found a runed gate.
  1955 | D:3      | Found a runed gate.
  1957 | D:3      | Noticed Vvilia's ghost (amateur GnWz)
  1959 | D:3      | Noticed Vvilia's ghost (amateur GnWz)
  1979 | D:3      | Killed Vvilia's ghost
  1979 | D:3      | Reached skill level 5 in Long Blades
  1979 | D:3      | Reached skill level 1 in Dodging
  1979 | D:3      | Reached XP level 6. HP: 6/53 MP: 3/5
  1979 | D:3      | HP: 2/53 [poisoned by Vvilia's ghost]
  1989 | D:3      | Killed Vvilia's ghost
  1989 | D:3      | Reached skill level 5 in Armour
  2454 | D:3      | Noticed Terence
  2471 | D:3      | Killed Terence
  2601 | D:4      | Found Kicyokam's Antique Weapon Shop.
  2641 | D:4      | Reached XP level 7. HP: 46/60 MP: 4/6
  2716 | D:4      | Noticed Sigmund
  2731 | D:4      | Killed Sigmund
  2731 | D:4      | Reached skill level 5 in Fighting
  2731 | D:4      | Reached skill level 6 in Shields
  3107 | D:4      | Noticed Robin
  3123 | D:4      | Killed Robin
  3601 | D:5      | Entered Level 5 of the Dungeon
  3648 | D:4      | Reached XP level 8. HP: 21/68 MP: 3/7
  4033 | D:5      | Noticed Grinder
  4273 | D:5      | Killed Grinder
  4273 | D:5      | Reached skill level 7 in Shields
  4753 | D:5      | Found a runed door.
  4918 | D:5      | Noticed Crazy Yiuf
  4926 | D:5      | Killed Crazy Yiuf
  5053 | D:6      | Reached skill level 1 in Stealth
  5296 | D:6      | Reached XP level 9. HP: 60/78 MP: 6/8
  5361 | D:6      | Found Gueher's Armour Emporium.
  5369 | D:6      | Found a staircase to the Ecumenical Temple.
  5447 | Temple   | Entered the Ecumenical Temple
  5468 | Temple   | Became a worshipper of Warmaster Okawaru
  5870 | D:4      | Bought a bloodstained scimitar for 198 gold pieces
  5870 | D:4      | Identified the +5 scimitar "Grim" {freeze, *Drain rC++
                  | Str+4} (You bought it in a shop on level 4 of the Dungeon)
  5986 | D:7      | Reached skill level 8 in Shields
  6233 | D:7      | Reached skill level 10 in Long Blades
  6583 | D:7      | Reached * piety under Okawaru
  7010 | D:8      | Reached skill level 9 in Shields
  7276 | D:8      | Got a bound marble ring
  7277 | D:8      | Identified the ring "Eceryumoo" {rCorr rPois rC+ Int-3
                  | Dex+8} (You found it on level 8 of the Dungeon)
  7376 | D:8      | Reached XP level 10. HP: 57/86 MP: 9/9
  7566 | D:9      | Found Rileaxte's General Store.
  7586 | D:9      | Reached ** piety under Okawaru
  7624 | D:9      | Bought a scroll of teleportation for 45 gold pieces
  7636 | D:9      | Found a sparkling altar of Nemelex Xobeh.
  7920 | D:8      | Reached *** piety under Okawaru
  8026 | D:9      | Found a staircase to the Orcish Mines.
  8042 | D:9      | Reached skill level 10 in Shields
  8653 | D:10     | Entered Level 10 of the Dungeon
  8713 | D:10     | Found a staircase to the Lair.
  8801 | D:10     | Reached **** piety under Okawaru
  8885 | D:10     | Reached XP level 11. HP: 92/94 MP: 10/10
  8979 | D:10     | Noticed a queen ant
  9002 | D:10     | Killed a queen ant
  9068 | D:10     | Reached ***** piety under Okawaru
  9844 | D:11     | Noticed a four-headed hydra
  9865 | Lair:1   | Entered Level 1 of the Lair of Beasts
  9904 | Lair:1   | Reached skill level 11 in Shields
  9934 | Lair:1   | Reached skill level 1 in Evocations
 10126 | Lair:1   | Received a gift from Okawaru
 10133 | Lair:1   | Reached skill level 10 in Armour
 10138 | Lair:1   | Reached skill level 10 in Fighting
 10608 | Lair:1   | Reached XP level 12. HP: 100/106 MP: 12/12
 11493 | Lair:2   | Found a staircase to the Shoals.
 11822 | Lair:3   | Received a gift from Okawaru
 11899 | Lair:3   | Reached skill level 12 in Shields
 12550 | Lair:4   | Reached skill level 15 in Long Blades
 12786 | Lair:4   | Got a translucent falchion
 12787 | Lair:4   | Identified the +1 falchion of Instinct {slice, Str+5} (You
                  | found it on level 4 of the Lair of Beasts)
 12912 | Lair:4   | Found a staircase to the Snake Pit.
 12962 | Lair:4   | Reached skill level 13 in Shields
 13588 | Lair:5   | Noticed a seven-headed hydra
 13602 | Lair:5   | Found a frozen archway.
 13615 | IceCv    | Entered an ice cave
 13640 | IceCv    | Reached XP level 13. HP: 105/116 MP: 13/13
 14004 | IceCv    | Received a gift from Okawaru
 14007 | IceCv    | Got an iridescent great sword {god gift}
 14199 | IceCv    | Noticed a frost giant
 14225 | IceCv    | Killed a frost giant
 14231 | IceCv    | Reached skill level 14 in Shields
 15365 | IceCv    | Identified the +3 great sword "Telass" {slice, *Drain rPois
                  | rN+ Dex+4} (Okawaru gifted it to you in an ice cave)
 15736 | D:11     | Received a gift from Okawaru
 15739 | D:11     | Got a dazzling chain mail {god gift}
 15752 | D:11     | Identified the +0 chain mail of the Mantidfly {Str-4 Int+5
                  | Slay+5} (Okawaru gifted it to you on level 11 of the
                  | Dungeon)
 16202 | D:11     | Found a hazy altar of Hepliaklqana.
 16697 | D:12     | Noticed Gastronok
 16715 | D:12     | Killed Gastronok
 17100 | D:12     | Reached ****** piety under Okawaru
 17100 | D:12     | Reached XP level 14. HP: 107/128 MP: 14/14
 17122 | D:12     | Reached skill level 15 in Shields
 17789 | D:13     | Received a gift from Okawaru
 17792 | D:13     | Got a pair of faintly humming gloves {god gift}
 17803 | D:13     | Identified the -2 pair of gloves "Fuhod" {rC+++ MR- Int+4}
                  | (Okawaru gifted it to you on level 13 of the Dungeon)
 17837 | D:13     | Found a gate to the Vaults.
 17857 | D:13     | Noticed Maurice
 17861 | D:13     | Killed Maurice
 17861 | D:13     | Reached skill level 1 in Invocations
 18760 | D:14     | Found a portal to a secret trove of treasure.
 18769 | Trove    | Entered a treasure trove
 18806 | Trove    | Found the +0 mask of the Dragon {MR+ Slay+3 SInv}
 18871 | Trove    | Got a flickering crystal amulet
 18876 | Trove    | Identified the amulet of Lixoywny {Reflect *Drain Str+2
                  | Int+3 SH+3} (You found it in a treasure trove)
 19285 | D:14     | Noticed Josephine
 19295 | D:14     | Killed Josephine
 19342 | D:14     | Noticed Snorg
 19352 | D:14     | Killed Snorg
 19964 | D:15     | Entered Level 15 of the Dungeon
 20017 | D:15     | Found Atogge's Weapon Boutique.
 20117 | D:15     | Reached skill level 16 in Shields
 20706 | D:15     | Reached XP level 15. HP: 79/138 MP: 15/15
 20948 | D:15     | Lost intelligence.
 21025 | D:15     | Found a blossoming altar of Fedhas.
 21045 | D:15     | Noticed a fire giant
 21047 | D:15     | Found a staircase to the Depths.
 21312 | D:15     | Killed a fire giant
 21420 | D:15     | Found an iron altar of Okawaru.
 22040 | Lair:1   | Reached skill level 1 in Short Blades
 22040 | Lair:1   | Reached skill level 1 in Throwing
 22040 | Lair:1   | Reached skill level 1 in Unarmed Combat
 22040 | Lair:1   | Reached XP level 16. HP: 147/147 MP: 16/16
 22831 | Lair:5   | Found a staircase to the Slime Pits.
 22839 | Lair:5   | Reached skill level 17 in Shields
 23487 | Lair:6   | Entered Level 6 of the Lair of Beasts
 23565 | Lair:6   | Found a dark tunnel.
 23576 | Volcano  | Entered a volcano
 23595 | Volcano  | Found a burning altar of Makhleb.
 24290 | Lair:6   | Reached skill level 15 in Fighting
 24290 | Lair:6   | Reached skill level 18 in Shields
 24549 | Lair:6   | Found a runed door.
 24549 | Lair:6   | Noticed brittlin's ghost (journeyman HOFi)
 24564 | Lair:6   | Killed brittlin's ghost
 25408 | Orc:1    | Entered Level 1 of the Orcish Mines
 25488 | Orc:1    | Found Ibureceh's Food Shoppe.
 25645 | Orc:2    | Entered Level 2 of the Orcish Mines
 25664 | Orc:2    | Found a staircase to the Elven Halls.
 25889 | Orc:2    | Found a roughly hewn altar of Beogh.
 26013 | Orc:2    | Found Delut's Book Boutique.
 26021 | Orc:2    | Found Cesmek's Magic Scroll Shop.
 26043 | Orc:2    | Bought a scroll of blinking for 97 gold pieces
 26043 | Orc:2    | Bought a scroll of enchant weapon for 97 gold pieces
 26043 | Orc:2    | Bought a scroll of enchant armour for 97 gold pieces
 26043 | Orc:2    | Bought a scroll of enchant armour for 97 gold pieces
 26043 | Orc:2    | Bought a scroll of identify for 26 gold pieces
 26043 | Orc:2    | Bought a scroll of identify for 26 gold pieces
 26043 | Orc:2    | Bought a scroll of identify for 26 gold pieces
 26591 | Orc:2    | Found an ancient bone altar of Kikubaaqudgha.
 26592 | Orc:2    | Noticed Nergalle
 26595 | Orc:2    | Found Sucrapta's Antique Armour Shop.
 26611 | Orc:2    | Killed Nergalle
 26625 | Orc:2    | Noticed Erolcha
 26632 | Orc:2    | Killed Erolcha
 26658 | Orc:2    | Found a radiant altar of Vehumet.
 26680 | Orc:2    | Found a roughly hewn altar of Beogh.
 26680 | Orc:2    | Found Aseroff's Magic Scroll Shop.
 26715 | Orc:2    | Bought a scroll of magic mapping for 45 gold pieces
 26715 | Orc:2    | Bought a scroll of enchant weapon for 97 gold pieces
 26715 | Orc:2    | Bought a scroll of identify for 26 gold pieces
 26715 | Orc:2    | Bought a scroll of noise for 13 gold pieces
 26720 | Orc:2    | Bought a scroll of identify for 26 gold pieces
 26720 | Orc:2    | Bought a scroll of identify for 26 gold pieces
 26720 | Orc:2    | Bought a scroll of blinking for 97 gold pieces
 26720 | Orc:2    | Bought a scroll of teleportation for 39 gold pieces
 27088 | Shoals:1 | Entered Level 1 of the Shoals
 27090 | Shoals:1 | Noticed Frances
 27103 | Shoals:1 | Killed Frances
 27184 | Shoals:1 | You fall through a shaft!
 27380 | Shoals:2 | Received a gift from Okawaru
 27396 | Shoals:2 | Found a bloodstained altar of Trog.
 27426 | Shoals:2 | Reached XP level 17. HP: 105/156 MP: 17/17
 27529 | Shoals:2 | Found a runed gate.
 27530 | Shoals:2 | Found a runed gate.
 27530 | Shoals:2 | Noticed Narus's ghost (adept CeHu)
 27535 | Shoals:2 | Noticed Kirke
 27560 | Shoals:2 | Killed Kirke
 27560 | Shoals:2 | Reached skill level 19 in Shields
 28493 | Snake:1  | Entered Level 1 of the Snake Pit
 28504 | Snake:1  | Reached skill level 15 in Armour
 28803 | Snake:1  | You fall through a shaft!
 29057 | Snake:1  | Received a gift from Okawaru
 29060 | Snake:1  | Got a pitted hat {god gift}
 29073 | Snake:1  | Identified the +1 hat of Summertime {+Fly} (Okawaru gifted
                  | it to you on level 1 of the Snake Pit)
 29730 | Snake:2  | Reached skill level 20 in Shields
 30610 | Snake:3  | Noticed Agnes
 30627 | Snake:3  | Killed Agnes
 31357 | Snake:3  | Received a gift from Okawaru
 31887 | Snake:3  | Noticed Vashnia
 32159 | Snake:3  | Reached skill level 5 in Dodging
 32331 | Snake:3  | Killed Vashnia
 32331 | Snake:3  | Reached skill level 21 in Shields
 32331 | Snake:3  | Reached XP level 18. HP: 56/166 MP: 16/18
 33209 | Snake:3  | Received a gift from Okawaru
 33472 | Snake:4  | Entered Level 4 of the Snake Pit
 34988 | Snake:4  | Reached skill level 22 in Shields
 34996 | Snake:4  | Received a gift from Okawaru
 36094 | Snake:4  | Received a gift from Okawaru
 36104 | Snake:4  | Got a serpentine rune of Zot
 36609 | Shoals:2 | Found a runed gate.
 36805 | Shoals:2 | Killed Narus's ghost
 36834 | Shoals:2 | Got a heavily runed golden ring
 36852 | Shoals:2 | Identified the ring "Puban" {rPois Str+4} (You found it on
                  | level 2 of the Shoals)
 37770 | Shoals:2 | Reached XP level 19. HP: 172/177 MP: 19/19
 38703 | Shoals:3 | Reached skill level 23 in Shields
 38773 | Shoals:3 | Noticed Ilsuiw
 38801 | Shoals:3 | Killed Ilsuiw
 39318 | Shoals:3 | Found Vional's Antique Weapon Boutique.
 39461 | Shoals:4 | Entered Level 4 of the Shoals
 39608 | Shoals:4 | Received a gift from Okawaru
 39609 | Shoals:4 | Found Jemew's Gadget Boutique.
 40097 | Shoals:4 | Noticed martbhell's ghost (adept MiBe)
 40110 | Shoals:4 | Found a transporter.
 40124 | Shoals:4 | Found a transporter.
 41041 | Shoals:4 | Got a barnacled rune of Zot
 41727 | Shoals:4 | Killed martbhell's ghost
 41727 | Shoals:4 | Reached skill level 24 in Shields
 42055 | Elf:1    | Entered Level 1 of the Elven Halls
 42112 | Elf:1    | Noticed Azrael
 42136 | Elf:1    | Killed Azrael
 42891 | Elf:1    | Received a gift from Okawaru
 43212 | Elf:1    | Reached XP level 20. HP: 155/187 MP: 20/20
 43963 | Elf:1    | Found a bloodstained altar of Trog.
 43966 | Elf:1    | Received a gift from Okawaru
 44457 | Elf:2    | Found a runed gate.
 44457 | Elf:2    | Found a runed gate.
 44457 | Elf:2    | Found a runed gate.
 45684 | Elf:2    | Received a gift from Okawaru
 45982 | Elf:3    | Entered Level 3 of the Elven Halls
 46005 | Elf:3    | Reached skill level 25 in Shields
 47037 | Elf:3    | Received a gift from Okawaru
 47666 | Elf:3    | Got a coiled copper amulet
 47687 | Elf:3    | Cast into level 2 of the Abyss (deep elf sorcerer)
 47687 | Abyss:2  | Found a corrupted altar of Lugonu.
 47838 | Elf:3    | Escaped the Abyss
 48002 | Elf:3    | Killed from afar by a deep elf annihilator

Skill      XL: |  1  2  3  4  5  6  7  8  9 10 11 12 13 14 15 16 17 18 19 20 |
---------------+-------------------------------------------------------------+-----
Fighting       | 4 5 6 7 8 10 11 13 14 15 16 17 18 | 18.6
Shields        | 4 5 6 7 9 10 11 13 14 16 18 21 22 24 25 | 25.5
Armour         | 4 5 6 7 8 9 10 11 12 14 15 16 17 | 17.4
Long Blades    | 3 4 5 7 9 10 12 14 15 16 17 18 19 20 | 20.1
Dodging        | 1 2 3 4 5 |  5.9
Stealth        | 1 2 3 |  3.3
Evocations     | 1 2 |  2.4
Invocations    | 1 2 |  2.4
Short Blades   | 1 |  1.3
Throwing       | 1 |  1.2
Unarmed Combat | 1 |  1.3
Spellcasting   | |  0.7

Action                   |  1- 3 |  4- 6 |  7- 9 | 10-12 | 13-15 | 16-18 | 19-21 || total
-------------------------+-------+-------+-------+-------+-------+-------+-------++-------
Melee: Long sword        |    87 |   135 |   249 |       |       |       |       ||   471
       Headbutt          |    12 |    24 |    78 |   216 |   330 |   572 |   407 ||  1639
       Short sword       |       |    16 |       |       |       |       |       ||    16
       Scimitar          |       |       |   148 |   621 |   822 |  1521 |  1158 ||  4270
Invok: Heroism           |       |       |       |       |     5 |     5 |     4 ||    14
       Finesse           |       |       |       |       |     2 |       |       ||     2
Evoke: Wand              |       |       |       |    11 |       |     6 |       ||    17
  Use: Potion            |       |     3 |       |       |     5 |     8 |     3 ||    19
       Scroll            |       |     6 |     3 |    11 |    13 |    14 |     7 ||    54
 Stab: Distracted        |       |       |       |       |     1 |       |       ||     1
       Petrified         |       |       |       |       |       |     2 |       ||     2
  Eat: Chunk             |       |     3 |    11 |    16 |    18 |    28 |    30 ||   106
       Ration            |       |     1 |     2 |     1 |     3 |     7 |     1 ||    15
Armor: Scale mail        |    61 |     5 |       |       |       |       |       ||    66
       Chain mail        |       |    47 |   185 |       |       |       |       ||   232
       Plate armour      |       |       |       |   238 |   476 |   424 |   332 ||  1470
Dodge: Dodged            |    30 |    30 |   119 |   128 |   292 |   301 |   300 ||  1200
Block: Shield            |    72 |    70 |   237 |   350 |   518 |       |       ||  1247
       Large shield      |       |       |       |       |   265 |  2142 |  1563 ||  3970
       Reflection        |       |       |       |       |    21 |    27 |       ||    48
       Rpst.: Long sword |    11 |     8 |    19 |       |       |       |       ||    38
       Scimitar          |       |       |    12 |    39 |    50 |    51 |    38 ||   190
